 Dungeon Crawl Stone Soup version 0.21.1-1-g345015f (webtiles) character file.

28 Fang the Skirmisher (level 3, -4/36 HPs)
             Began as a Gargoyle Berserker on June 15, 2018.
             Was a Follower of Trog.
             Slain by a gnoll
             ... wielding a +0 spear
              (7 damage)
             ... on level 2 of the Dungeon on June 16, 2018.
             The game lasted 00:02:03 (1060 turns).

Fang the Skirmisher (Gargoyle Berserker)            Turns: 1060, Time: 00:02:04

Health: -4/36      AC:  5    Str: 26    XL:     3   Next: 12%
Magic:  3/3        EV: 12    Int:  7    God:    Trog [*.....]
Gold:   117        SH:  0    Dex:  9    Spells: 2/2 levels left

rFire    + . .     SeeInvis .   a - +0 hand axe
rCold    + . .     Gourm    .   (no shield)
rNeg     + . .     Faith    .   b - +0 animal skin
rPois    ∞         Spirit   .   (no helmet)
rElec    +         Reflect  .   j - scarf {rC+ rF+}
rCorr    .         Harm     .   (no gloves)
MR       .....                  (no boots)
Stlth    ..........             (no amulet)
HPRegen  0.12/turn              (no ring)
MPRegen  0.08/turn              (no ring)

@: berserking, very quick
A: negative energy resistance 1, electricity resistance, unbreathing,
petrification resistance, rot immunity, AC +3
a: Berserk, Burn Spellbooks, Renounce Religion


You were on level 2 of the Dungeon.
You worshipped Trog.
Trog was aware of your devotion.
You were very hungry.

You visited 1 branch of the dungeon, and saw 2 of its levels.

You collected 117 gold pieces.

Inventory:

Hand Weapons
 a - a +0 hand axe (weapon)
Armour
 b - a +0 animal skin (worn)
 j - a scarf of resistance (worn)
Jewellery
 l - a cursed ring of loudness {unknown}
Scrolls
 e - a scroll of magic mapping {unknown}
 f - 2 scrolls of noise {unknown}
 i - a scroll of enchant armour {unknown}
 k - a scroll of teleportation {unknown}
 m - a scroll of identify {unknown}
Potions
 d - a potion of lignification {unknown}
 g - 2 potions of might {unknown}
 h - a potion of curing {unknown}
 n - a potion of cancellation {unknown}
Comestibles
 c - 4 rations


   Skills:
 + Level 3.7 Fighting
 + Level 3.2 Axes
 + Level 2.2 Armour
 + Level 1.9 Dodging


You had 2 spell levels left.
You didn't know any spells.

Dungeon Overview and Level Annotations

Branches:
Dungeon (2/15)

Altars:


Innate Abilities, Weirdness & Mutations

You are resistant to torment.
Your stone body is resilient. (AC +3)
You are immune to poison.
You resist negative energy. (rN+)
You are resistant to electric shocks. (rElec)
You can survive without breathing.
You are immune to petrification.
You are immune to rotting.


Message History

You hit the gnoll.
The gnoll is heavily wounded.
You hit the quokka. The quokka barely misses you.
The gnoll hits you with a whip.
You hit the quokka.
You kill the quokka!
Trog accepts your kill.
You hit the gnoll.
The gnoll hits you from afar with a spear!
* * * LOW HITPOINT WARNING * * *
The gnoll misses you.
The gnoll hits you from afar with a spear.
* * * LOW HITPOINT WARNING * * *
A red film seems to cover your vision as you go berserk!
You feel yourself moving faster!
You feel mighty!
You are feeling very hungry.
The gnoll hits you with a whip.
* * * LOW HITPOINT WARNING * * *
The gnoll hits you from afar with a spear!
You die...

#. ##. #. #.! ... #.#
##.# #%# #.# #.# ##.# #
#.# #...
..###.##.########## #...
......S@.$........###...
..###.g..#######.#.#...#
....g..........###.....
###g#..########.#.#...#
#.###.# ##.###.## ..#
##. #.# #[#. ..# # #.#
#... .# #.# ###. #.. ##


You could see 3 gnolls and an adder.

Vanquished Creatures
  2 leopard geckos
  5 bats
  A giant cockroach (D:1)
  2 goblins (D:1)
  2 hobgoblins (D:1)
  3 jackals (D:1)
  2 quokkas (D:2)
  A ball python (D:2)
  3 frilled lizards
  A kobold (D:2)
  2 rats (D:1)
24 creatures vanquished.

Notes
Turn   | Place    | Note
-------+----------+-------------------------------------------
     0 | D:1      | Fang the Gargoyle Berserker began the quest for the Orb.
     0 | D:1      | Reached XP level 1. HP: 14/14 MP: 1/1
   155 | D:1      | Reached XP level 2. HP: 16/19 MP: 2/2
   956 | D:2      | Reached XP level 3. HP: 24/24 MP: 3/3
  1060 | D:2      | Slain by a gnoll

Skill      XL: |  1  2 |
---------------+-------+-----
Axes           | 3 |  3.2
Fighting       | |  3.7
Armour         | |  2.2
Dodging        | |  1.9

Action                   || total
-------------------------++-------
Melee: Hand axe          ||    92
Invok: Berserk           ||     1
Armor: Animal skin       ||    39
Dodge: Dodged            ||    78
